AoeStats
← Parsa

Yucatan

503293919Analyzed
4v4 RM · 1mo ago on Aug 31, 2026· 58m 15s· 8 players
Game mode
Random Map
Map size
Large (8 player)
Population
200
Speed
Normal
Resources
Standard
Victory
Conquest
Starting age
Dark Age
Ending age
Imperial Age
RankedLock teamsTeams togetherTeam positionsShared explorationLock speedFull tech treeHidden civsTurbo modeCheats
Victory
Defeat
🇧🇷 Goths · Brazil
885
+14
🇧🇷 Mongols · Brazil
880
+25
🇧🇷 Jurchens · Brazil
827
+17
🇧🇷 Huns · Brazil
715
+54
🇧🇷 Shu · Brazil
869
-18
🇸🇪 Inca · Sweden
850
-17
🇪🇸 Magyars · Spain
846
-17
🇲🇽 Spanish · Mexico
814
-15
Matao
0:37 Loom
12:12 Feudal Age
16:36 Castle Age
19:02 Horse Collar
19:16 Double-Bit Axe
20:10 Bow Saw
21:42 Stone Mining
24:55 Stone Shaft Mining
28:15 Gold Mining
28:45 Heavy Plow
30:41 Wheelbarrow
33:16 Hand Cart
32:47 Town Watch
33:42 Gold Shaft Mining
37:07 Imperial Age
38:14 Conscription
39:39 Two-Man Saw
39:12 Crop Rotation
41:06 Elite Fire Lancer
47:22 Town Patrol
48:18 Elite Fire Lancer
51:21 Ballistics
56:46 Chemistry
Parsa
2:56 Loom
13:35 Feudal Age
14:57 Wheelbarrow
16:14 Double-Bit Axe
18:52 Town Watch
24:08 Castle Age
28:02 Bow Saw
30:03 Hand Cart
30:38 Forging
32:15 Iron Casting
31:33 Horse Collar
32:53 Heavy Plow
32:55 Gold Mining
32:59 Stone Mining
34:31 Bloodlines
34:34 Scale Barding Armor
39:42 Imperial Age
37:34 Nomads
38:26 Town Patrol
38:54 Husbandry
39:17 Chain Barding Armor
39:54 Fletching
41:25 Conscription
42:50 Bodkin Arrow
44:33 Stone Shaft Mining
44:36 Gold Shaft Mining
43:26 Elite Mangudai
57:04 Nomads
Jeba Venenosa
12:41 Feudal Age
11:17 Loom
16:40 Wheelbarrow
18:57 Castle Age
17:07 Gold Mining
17:04 Double-Bit Axe
17:48 Horse Collar
18:14 Town Watch
19:32 Loom
20:43 Hand Cart
22:09 Squires
23:31 Bow Saw
25:02 Stone Mining
27:54 Heavy Plow
28:37 Gold Shaft Mining
28:50 Pikeman
30:49 Husbandry
31:04 Bloodlines
36:04 Imperial Age
35:38 Scale Mail Armor
35:47 Scale Barding Armor
35:51 Arson
36:21 Halberdier
43:57 Two-Man Saw
42:19 Elite Tarkan
43:56 Conscription
45:18 Marauders
52:27 Chain Barding Armor
Casa
4:03 Loom
11:25 Feudal Age
13:24 Wheelbarrow
16:30 Castle Age
14:12 Horse Collar
15:36 Double-Bit Axe
17:01 Stone Mining
19:21 Bow Saw
24:04 Husbandry
24:14 Bloodlines
31:41 Heavy Plow
32:17 Anarchy
32:41 Scale Mail Armor
33:37 Hand Cart
33:37 Squires
33:57 Chain Mail Armor
33:52 Forging
37:56 Imperial Age
38:41 Town Watch
39:33 Iron Casting
39:31 Coinage
39:31 Conscription
39:55 Elite Huskarl
47:23 Gold Mining
49:28 Blast Furnace
49:43 Chemistry
53:19 Pikeman
53:19 Man-at-Arms
54:13 Guilds
54:34 Banking
54:04 Caravan
53:26 Light Cavalry
54:09 Padded Archer Armor
53:59 Fletching
54:15 Scale Barding Armor
54:11 Town Patrol
54:44 Crop Rotation
54:12 Halberdier
54:13 Long Swordsman
54:20 Long Swordsman
55:22 Leather Archer Armor
54:31 Cavalier
55:16 Two-Handed Swordsman
55:18 Hussar
56:28 Ballistics
55:58 Heated Shot
56:04 Murder Holes
56:19 Masonry
56:20 Clinker Construction
Ryoga
0:28 Loom
14:18 Feudal Age
14:45 Double-Bit Axe
14:43 Horse Collar
14:47 Fishing Lines
16:20 Wheelbarrow
24:21 Stone Mining
28:46 Castle Age
26:31 Town Watch
27:52 Gold Mining
29:02 Arson
30:01 Squires
29:22 Pikeman
Wardaddy
7:59 Loom
11:04 Feudal Age
11:43 Double-Bit Axe
19:11 Castle Age
18:42 Gold Mining
18:59 Fletching
19:33 Crossbowman
22:47 Bow Saw
23:12 Padded Archer Armor
24:18 Stone Mining
26:34 Horse Collar
dganb7092
14:15 Feudal Age
19:02 Castle Age
18:56 Double-Bit Axe
20:24 Stone Mining
20:27 Gold Mining
20:50 Bow Saw
25:38 Horse Collar
31:48 Imperial Age
29:53 Corvinian Army
30:11 Heavy Plow
34:47 Gold Shaft Mining
33:47 Heavy Cavalry Archer
35:46 Wheelbarrow
36:19 Elite Magyar Huszar
40:06 Chemistry
39:28 Ballistics
42:15 Two-Man Saw
42:21 Scale Barding Armor
42:17 Padded Archer Armor
42:08 Fletching
43:24 Parthian Tactics
KatituWanted
0:30 Loom
10:58 Feudal Age
17:59 Castle Age
18:56 Pikeman
19:37 Squires
22:19 Arson
28:05 Crossbowman
28:50 Thumb Ring
31:43 Fletching
33:51 Bodkin Arrow
33:56 Padded Archer Armor
37:25 Imperial Age
38:43 Conscription
37:47 Halberdier
37:51 Arbalester
39:32 Bolt Magazine
44:54 Double-Bit Axe
44:44 Capped Ram
45:39 Siege Ram
48:37 Bracer
48:53 Leather Archer Armor
48:50 Forging
48:41 Scale Mail Armor
52:26 Bow Saw
52:48 Ring Archer Armor
52:34 Chain Mail Armor
Connection lost

Rejoining the realm…

Still unreachable

The connection could not be restored.

Session expired

The server has moved on; the page needs a fresh start.